 Dungeon Crawl Stone Soup version 0.18.1-50-g88ac8fd (webtiles) character file.

5962 Patate the Basher (level 10, -7/63 HPs)
             Began as a Gargoyle Fighter on Oct 29, 2016.
             Was an Elder of Okawaru.
             Mangled by a hill giant
             ... wielding a +0 giant club
              (31 damage)
             ... on level 9 of the Dungeon on Oct 30, 2016.
             The game lasted 00:41:29 (13159 turns).

Patate the Basher (Gargoyle Fighter)               Turns: 13159, Time: 00:41:30

Health: -7/63      AC: 21    Str: 28    XL:     10   Next: 84%
Magic:  10/10      EV: 10    Int:  9    God:    Okawaru [****..]
Gold:   516        SH:  0    Dex:  9    Spells: 0 memorised, 9 levels left

rFire  . . .     SeeInvis .     g - +3 whip (venom)
rCold  + . .     Gourm    .     D - +0 chain mail
rNeg   + . .     Faith    .     (no shield)
rPois  ∞         Spirit   .     (no helmet)
rElec  +         Dismiss  .     k - +1 cloak
rCorr  .         Reflect  .     (no gloves)
SustAt .         Harm     .     (no boots)
MR     .....                    (no amulet)
Stlth  ..........               x - +2 ring of evasion
                                s - ring of protection from cold

@: mighty, not resistant to hostile enchantments, extremely unstealthy
A: negative energy resistance 1, shaggy fur 1, electricity resistance, wild
magic 1, unbreathing, petrification resistance, rot immunity, AC +7
a: Heroism, Renounce Religion


You were on level 9 of the Dungeon.
You worshipped Okawaru.
Okawaru was greatly pleased with you.
You were very hungry.

You visited 2 branches of the dungeon, and saw 10 of its levels.
You also visited: Sewer.

You collected 516 gold pieces.

Inventory:

Hand Weapons
 a - a +0 flail
 g - a +3 whip of venom (weapon)
Armour
 k - a +1 cloak (worn)
 D - a +0 chain mail (worn)
Jewellery
 s - a ring of protection from cold (left hand)
 x - a +2 ring of evasion (right hand)
Wands
 j - a wand of teleportation (5/9)
 r - a wand of slowing (17/48)
 t - a wand of digging (15/24)
Scrolls
 e - 2 scrolls of teleportation
 i - 3 scrolls of enchant armour
 l - a scroll of fog
 m - a scroll of remove curse
 u - a scroll of magic mapping
 v - 3 scrolls of immolation {unknown}
 w - 5 scrolls of identify
 y - a scroll of holy word {unknown}
Potions
 c - 2 potions of flight
 d - 3 potions of might
 z - a potion of curing
 C - a potion of haste {unknown}
Comestibles
 b - 10 royal jellies
 f - 6 bread rations
 n - 5 meat rations
 o - a beef jerky
 p - a fruit
 B - 2 slices of pizza


   Skills:
 - Level 7.4 Fighting
 * Level 12.5 Maces & Flails
 - Level 9.0 Armour
   Level 3.2 Shields


You had 9 spell levels left.
You didn't know any spells.

Dungeon Overview and Level Annotations

Branches:
Dungeon (9/15)             Temple (1/1) D:4            Lair (0/8) D:9
    Orc: D:9-12

Altars:
Ashenzari
Cheibriados
Dithmenos
Elyvilon
Fedhas
Gozag
Kikubaaqudgha
Makhleb
Nemelex Xobeh
Okawaru
Pakellas
Qazlal
Ru
Sif Muna
Trog
Vehumet
Xom
Zin
The Shining One

Shops:
D:7 **

Annotations:
D:7 potion de benemut 500po, exclusion: ice statue


Innate Abilities, Weirdness & Mutations

You are resistant to torment.
Your stone body is resilient (AC +7).
You are immune to poison.
You resist negative energy.
You are resistant to electric shocks.
You can survive without breathing.
You are immune to petrification.
You are immune to rotting.
You are covered in fur (AC +1).
Your spells are a little harder to cast, but a little more powerful.


Message History

Okawaru accepts your kill.
A hill giant comes into view. It is wielding a giant club.
Found a robe, a bread ration and 15 gold pieces.
There is an open door here.
The hill giant hits you with a giant club.
Drink which item? (? for menu, Esc to quit)
You feel very mighty all of a sudden.
You barely miss the hill giant.
The hill giant hits you with a giant club!!
You hit the hill giant.
The hill giant is poisoned.
The hill giant is lightly wounded.
You whack the hill giant!
The hill giant is moderately wounded.
The hill giant hits you with a giant club!
Found 11 stones.
You see here a scroll of identify.
The hill giant looks more healthy.
You open the door.
The hill giant hits you with a giant club!!
You die...

...........
#......
.......
.####.####.
+...{ #..
.##.....## .#
.#.......#..#
.#.......#.#
+#
....._.....#
#.#
.#.......#.#
..#
.#.......#
##'#####
.##.....##
#@.....#
.####.####.#
#C.....#
...........#
#...(..#
##.##.######
#......#
......#
#......#
#####.#
#......+ #.##
#..?...# #..#
#..##### ##.#
###.#####


You could see a hill giant.

Vanquished Creatures
  Maurice (D:9)
  Joseph (D:8)
  3 yaks (D:8)
  The ghost of UranusSolar the Grave Robber, an amateur DsNe of Sif Muna (D:4)
  Duvessa (D:6)
  5 orc warriors
  3 sky beasts
  2 black bears
  5 ogres
  2 centaurs
  15 big kobolds
  A giant frog (D:6)
  3 scorpions
  Dowan (D:6)
  4 wights (D:6)
  6 howler monkeys
  2 crimson imps (D:7)
  2 giant frog zombies (D:7)
  4 jellies (D:8)
  A wasp zombie (D:8)
  3 iron imps (D:4)
  3 hounds
  2 quasits
  A giant frog skeleton (D:8)
  8 orc priests
  5 orc wizards
  A centaur skeleton (D:8)
  Natasha (thrice) (D:2)
  4 worker ants
  7 river rats
  11 adders
  9 oozes
  An adder zombie (D:7)
  3 worms
  5 dart slugs
  2 giant geckos
  24 orcs
  8 giant cockroaches
  5 hobgoblins
  7 jackals
  3 quokkas
  7 ball pythons
  6 bats
  3 giant newts
  7 goblins
  A jackal skeleton (D:5)
  42 kobolds
  29 rats
273 creatures vanquished.

Notes
Turn   | Place    | Note
--------------------------------------------------------------
     0 | D:1      | Patate the Gargoyle Fighter began the quest for the Orb.
     0 | D:1      | Reached XP level 1. HP: 14/14 MP: 1/1
   297 | D:1      | Reached XP level 2. HP: 14/19 MP: 2/2
   766 | D:1      | Reached XP level 3. HP: 23/23 MP: 3/3
   966 | D:2      | Noticed Natasha
   972 | D:2      | Killed Natasha
   972 | D:2      | Reached skill level 3 in Maces & Flails
   978 | D:2      | Noticed Natasha
   988 | D:2      | Reached XP level 4. HP: 21/29 MP: 4/4
   996 | D:2      | Killed Natasha
  1579 | D:2      | Noticed Natasha
  1587 | D:2      | Killed Natasha
  1587 | D:2      | Reached XP level 5. HP: 21/33 MP: 5/5
  1882 | D:2      | Found an iron altar of Okawaru.
  1894 | D:2      | Reached skill level 4 in Maces & Flails
  2240 | D:3      | Found a glowing drain.
  2377 | Sewer    | Entered a sewer
  2817 | Sewer    | Reached XP level 6. HP: 36/39 MP: 6/6
  3219 | Sewer    | Reached skill level 5 in Maces & Flails
  3253 | Sewer    | Reached skill level 5 in Armour
  3611 | D:3      | Reached XP level 7. HP: 44/44 MP: 7/7
  3664 | D:3      | Reached skill level 5 in Fighting
  3929 | D:4      | Noticed UranusSolar's ghost (amateur DsNe)
  4290 | D:4      | Killed UranusSolar's ghost
  4300 | D:3      | Reached skill level 6 in Maces & Flails
  4725 | D:4      | Found a burning altar of Makhleb.
  4812 | D:4      | HP: 2/44 [orc priest/nerve-wracking pain (13)]
  4904 | D:4      | HP: 1/44 [orc priest/divine providence (12)]
  4915 | D:4      | Reached XP level 8. HP: 22/50 MP: 8/8
  5204 | D:4      | Found a staircase to the Ecumenical Temple.
  5222 | Temple   | Entered the Ecumenical Temple
  5754 | D:5      | Entered Level 5 of the Dungeon
  5756 | D:5      | Found a sparkling altar of Nemelex Xobeh.
  6177 | D:5      | Reached skill level 7 in Maces & Flails
  6371 | D:5      | Found a white marble altar of Elyvilon.
  6371 | D:5      | Found a glowing golden altar of the Shining One.
  6372 | D:5      | Found a glowing silver altar of Zin.
  6448 | D:6      | Found a shadowy altar of Dithmenos.
  6480 | D:6      | Found a snail-covered altar of Cheibriados.
  7011 | D:2      | Became a worshipper of Warmaster Okawaru
  7163 | D:6      | Gained mutation: You are covered in fur (AC +1). [potion of beneficial mutation]
  7164 | D:6      | Gained mutation: Your spells are a little harder to cast, but a little more powerful. [potion of beneficial mutation]
  7378 | D:6      | Noticed Dowan
  7379 | D:6      | Noticed Duvessa
  7385 | D:6      | Killed Dowan
  7396 | D:6      | Killed Duvessa
  7462 | D:6      | Reached * piety under Okawaru
  7462 | D:6      | Reached skill level 8 in Maces & Flails
  7529 | D:6      | Found a shattered altar of Ashenzari.
  7585 | D:6      | Reached XP level 9. HP: 51/56 MP: 9/9
  7751 | D:6      | Found a radiant altar of Vehumet.
  8154 | D:7      | Found a blossoming altar of Fedhas.
  8378 | D:7      | Found Wuphos's General Store.
  8715 | D:8      | Noticed Joseph
  8746 | D:8      | Killed Joseph
  8746 | D:8      | Reached skill level 9 in Maces & Flails
  8756 | D:8      | Reached ** piety under Okawaru
  9524 | D:7      | Found a sacrificial altar of Ru.
 10008 | D:7      | Found a bloodstained altar of Trog.
 10033 | D:7      | Reached skill level 10 in Maces & Flails
 10195 | D:7      | Found Qer Own's General Store.
 10205 | D:7      | Noticed an ice statue
 10818 | D:7      | Reached XP level 10. HP: 35/63 MP: 10/10
 11434 | D:8      | Reached *** piety under Okawaru
 12042 | D:8      | Reached skill level 11 in Maces & Flails
 12559 | D:9      | Reached **** piety under Okawaru
 12690 | D:9      | Found a staircase to the Lair.
 12700 | D:9      | Noticed Maurice
 12727 | D:9      | Killed Maurice
 12727 | D:9      | Reached skill level 12 in Maces & Flails
 13090 | D:9      | Found a stormy altar of Qazlal.
 13138 | D:9      | Noticed a hill giant
 13159 | D:9      | Mangled by a hill giant

Skill      XL: |  1  2  3  4  5  6  7  8  9 10 |
---------------+-------------------------------+-----
Maces & Flails | 3 4 5 6 8 10 12 | 12.5
Fighting       | 4 5 6 7 |  7.4
Armour         | 4 5 7 8 9 |  9.0
Shields        | |  3.2

Action                   |  1- 3 |  4- 6 |  7- 9 | 10-12 || total
-------------------------+-------+-------+-------+-------++-------
Melee: Whip              |    65 |   248 |   559 |   357 ||  1229
       Flail             |     2 |       |       |       ||     2
Evoke: Wand              |       |       |     1 |       ||     1
  Use: Scroll            |       |    12 |     5 |       ||    17
       Potion            |       |       |    13 |     2 ||    15
  Eat: Chunk             |       |     8 |    19 |     8 ||    35
       Pizza             |       |       |     1 |       ||     1
       Fruit             |       |       |     2 |       ||     2
Armor: Scale mail        |    31 |   151 |   237 |     1 ||   420
       Chain mail        |       |       |       |   102 ||   102
Dodge: Dodged            |    27 |   139 |   227 |   125 ||   518
Block: Shield            |     1 |       |       |       ||     1
